 Dungeon Crawl Stone Soup version 0.32-a0-953-g508020473e (webtiles) character file.

Game seed: 10194910612847951308

5314 javelincjr the Fighter (level 10, -8/97 HPs)
             Began as a Minotaur Berserker on Apr 16, 2024.
             Was an Elder of Trog.
             Mangled by a komodo dragon (25 damage)
             ... on level 1 of the Lair of Beasts.
             The game lasted 00:31:05 (8301 turns).

javelincjr the Fighter (Minotaur Berserker)         Turns: 8301, Time: 00:31:05

Health: -8/97      AC: 16    Str: 23    XL:     10   Next: 37%
Magic:  9/9        EV: 10    Int:  5    God:    Trog [****..]
Gold:   404        SH:  5    Dex: 11    Spells: 9/9 levels left

rFire   + . .        a - +0 war axe (venom)
rCold   . . .        l - orb {mayhem}
rNeg    + . .        H - +1 chain mail
rPois   +            (helmet restricted)
rElec   .            o - +2 ratskin cloak {*Rats rPois rN+ Str-1 Int-1 Dex+1}
rCorr   .            s - +0 pair of gloves
SInv    +            (no boots)
Will    .....        N - amulet of reflection Stlth
                     k - ring of protection from fire
HPRegen 0.36/turn    z - ring of see invisible
MPRegen 0.11/turn

%: mayhem, reflection
@: no status effects
A: horns 2, retaliatory headbutt
a: Renounce Religion, Berserk, Trog's Hand, Brothers in Arms


You were on level 1 of the Lair of Beasts.
You worshipped Trog.
Trog was greatly pleased with you.
You visited 2 branches of the dungeon, and saw 9 of its levels.

You collected 404 gold pieces.

Inventory:

Hand Weapons
 a - a +0 war axe of venom (weapon)
 b - the +7 sling of the Ageless Continents {drain, +Blink rElec Will+}
   (You found it on level 7 of the Dungeon)

   rElec:     It insulates you from electricity.
   Will+:     It increases your willpower.
   +Blink:    It lets you blink.
 n - a +4 trident of draining
 y - a +0 trident
 B - a +0 dagger of holy wrath
 O - a +1 dagger of chaos
 R - a +2 spear of venom
Missiles
 e - 115 stones
 q - 6 boomerangs (quivered)
 C - 37 poisoned darts
 K - a throwing net
 M - 2 javelins
Armour
 l - an orb of mayhem (worn)
 o - the +2 ratskin cloak (worn) {*Rats rPois rN+ Str-1 Int-1 Dex+1}
   (You found it on level 2 of the Dungeon)

   *Rats:     When the wearer is hurt, rats may emerge from it to assist them.
   Str-1:     It affects your strength (-1).
   Int-1:     It affects your intelligence (-1).
   Dex+1:     It affects your dexterity (+1).
   rPois:     It protects you from poison.
   rN+:       It protects you from negative energy.
 s - a +0 pair of gloves (worn)
 v - a +2 leather armour of fire resistance
 H - a +1 chain mail (worn)
 P - a +2 robe of positive energy
Jewellery
 k - a ring of protection from fire (left hand)
 w - a +6 ring of intelligence
 z - a ring of see invisible (right hand)
 D - a ring of protection from cold
 N - an amulet of reflection (around neck)
Wands
 p - a wand of paralysis (14)
 Q - a wand of iceblast (6)
Scrolls
 d - 2 scrolls of enchant weapon {unknown}
 h - 3 scrolls of silence
 j - a scroll of enchant armour
 m - a scroll of fear {unknown}
 r - 3 scrolls of immolation
 t - 2 scrolls of fog
 u - a scroll of teleportation
Potions
 c - a potion of mutation {unknown}
 f - a potion of attraction
 g - 2 potions of haste
 i - 2 potions of enlightenment
 x - a potion of resistance {unknown}
 G - a potion of cancellation
 J - a potion of might {unknown}
 L - 2 potions of curing {unknown}


   Skills:
 * Level 12.2 Fighting
 + Level 9.1 Axes
 + Level 8.7 Armour
 + Level 7.9 Dodging


You had 9 spell levels left.
You didn't know any spells.
Your spell library was empty.

Dungeon Overview and Level Annotations

Branches:
Dungeon (8/15)             Temple (0/1) D:6            Lair (1/5) D:8

Altars:
Ashenzari
Cheibriados
Dithmenos
Elyvilon
Fedhas
Kikubaaqudgha
Ru
Wu Jian
Yredelemnul

Shops:
D:2 =   D:4 (


Innate Abilities, Weirdness & Mutations

You have a pair of horns on your head.
You reflexively headbutt those who attack you in melee.


Message History

The yak misses the water moccasin.
Your hell rat bites the yak!
Your hell rat drains the yak.
The water moccasin bites the yak!
The yak dies!
Trog accepts your kill.
Your Fighting skill increases to level 12!
Your Axes skill increases to level 9!
You slash the water moccasin! You headbutt the water moccasin.
You kill the water moccasin!
Trog accepts your kill.
The komodo dragon flies into a frenzy!
You hit the yak.
The yak looks as sick as possible!
Your hell rat bites the yak!
Your hell rat drains the yak!
Your hell rat bites the yak!
The yak dies!
Trog accepts your kill.
You enter the shallow water.
Moving in this stuff is going to be slow.
The komodo dragon bites your hell rat but does no damage.
Your hell rat bites the komodo dragon.
The komodo dragon closely misses your hell rat.
The komodo dragon bites your hell rat!!
Your hell rat dies!
The komodo dragon closely misses you.
You closely miss the komodo dragon.
The komodo dragon is lightly wounded.
The komodo dragon bites you.
You barely miss the komodo dragon. You headbutt the komodo dragon.
The komodo dragon is lightly wounded.
The komodo dragon bites you!! x2
* * * LOW HITPOINT WARNING * * *
A river rat scurries out from under your cloak.
You are too injured to fight recklessly!
You hit the komodo dragon but do no damage.
The komodo dragon is poisoned.
You headbutt the komodo dragon.
The komodo dragon is moderately wounded.
The komodo dragon bites you.
* * * LOW HITPOINT WARNING * * *
You closely miss the komodo dragon.
The komodo dragon is lightly wounded.
The komodo dragon closely misses you. The komodo dragon bites you!!
You die...

....
#........#####.........
..... #........#
#......... ...#.#
#####..#.# ####+#####
.....# ##.### #.# #.#
#.# . #.#♣♣♣♣♣♣♣♣..
#@l♣~~♣~~~~~.
###~r~~~P~~PP♣~
#...~~.†~~~P~P♣
#......†..$~~~~
#..............
♣~♣~~.~..~......
~~~~~~P~~~~~..~.♣
♣~~~P~~PPP~PP~~~~~
#~~~PP~≈~~≈P~~P~♣#


You could see a neutral komodo dragon (fast, strong, frenzied, very poisoned,
ally target) and a friendly river rat.

Vanquished Creatures
  Maurice (D:8)
  2 cane toads (Lair:1)
  A komodo dragon (Lair:1)
  Jeremiah (D:8)
  A vampire (D:8)
  A wyvern (D:7)
  A yak (Lair:1)
  A basilisk (Lair:1)
  4 water moccasins
  The ghost of zazu2006 the Skirmisher, an amateur GnWn (D:3)
  2 black bears
  A sky beast (D:7)
  2 ogres
  A centaur (D:7)
  3 kobold brigands (D:8)
  A gnoll sergeant (D:8)
  6 bullfrogs
  2 scorpions (D:5)
  A bombardier beetle (D:6)
  5 hounds
  2 orc priests
  A gnoll bouda (D:7)
  6 iguanas
  Natasha (twice) (D:4)
  2 orc wizards
  A hound zombie (D:3)
  Robin (D:4)
  12 gnolls
  10 adders
  A white imp (D:5)
  2 ufetubi (D:7)
  2 ribbon worms (D:2)
  A dart slug (D:3)
  15 orcs
  8 bats
  7 endoplasms
  8 giant cockroaches
  7 goblins
  7 hobgoblins
  7 jackals
  18 kobolds
  7 quokkas
  8 ball pythons
  A ball python zombie (D:3)
  2 frilled lizards
  4 rats
180 creatures vanquished.

Vanquished Creatures (collateral kills)
  Psyche (D:8)
  2 yaks (Lair:1)
  A scorpion (D:4)
  A howler monkey (D:8)
  An iguana (D:6)
  A gnoll (D:8)
  An adder (D:4)
  4 orcs
  A bat (D:3)
  A goblin (D:4)
  3 hobgoblins (D:4)
  4 kobolds
21 creatures vanquished.

Vanquished Creatures (others)
  A hobgoblin (D:4)
  A jackal (D:2)
  2 kobolds (D:8)
  A rat (D:2)
5 creatures vanquished.

Grand Total: 206 creatures vanquished

Notes
Turn   | Place    | Note
-------+----------+-------------------------------------------
     0 | D:1      | javelincjr the Minotaur Berserker began the quest for the
                  | Orb.
     0 | D:1      | Reached XP level 1. HP: 19/19 MP: 0/0
     7 | D:1      | Noticed a black bear
     7 | D:1      | Noticed an anaconda
     7 | D:1      | Noticed a hound
     8 | D:1      | Noticed a swamp worm
     8 | D:1      | Noticed a snapping turtle
   127 | D:1      | Reached XP level 2. HP: 27/27 MP: 1/1
   161 | D:1      | Reached skill level 4 in Fighting
   635 | D:2      | Reached XP level 3. HP: 18/34 MP: 2/2
   701 | D:2      | Reached ** piety under Trog
   761 | D:2      | Found Ebeen's Jewellery Boutique.
   984 | D:2      | Found the +2 ratskin cloak {*Rats rPois rN+ Str-1 Int-1
                  | Dex+1}
  1026 | D:2      | Reached XP level 4. HP: 41/41 MP: 3/3
  1165 | D:2      | Found a faded altar of an unknown god.
  1171 | D:2      | You fall into a shaft and drop 1 floor!
  1285 | D:3      | Found a runed translucent gate.
  1286 | D:3      | Found a runed translucent gate.
  1386 | D:2      | Reached skill level 5 in Fighting
  1603 | D:3      | Reached *** piety under Trog
  1671 | D:3      | Found a runed translucent gate.
  1845 | D:3      | Reached XP level 5. HP: 47/48 MP: 4/4
  1991 | D:3      | Found a shadowy altar of Dithmenos.
  1997 | D:3      | Found an ancient bone altar of Kikubaaqudgha.
  2127 | D:3      | Found a basalt altar of Yredelemnul.
  2399 | D:3      | Noticed zazu2006's ghost (amateur GnWn)
  2416 | D:3      | Killed zazu2006's ghost
  2529 | D:4      | Noticed Natasha
  2541 | D:4      | Killed Natasha
  2542 | D:4      | Reached XP level 6. HP: 43/57 MP: 5/5
  2669 | D:4      | Reached skill level 6 in Fighting
  2673 | D:4      | Reached skill level 5 in Axes
  2697 | D:4      | Found Iwuhinte's Weapon Shop.
  2716 | D:4      | Noticed Robin
  2729 | D:4      | Killed Robin
  2729 | D:4      | Reached **** piety under Trog
  2926 | D:4      | Noticed Natasha
  2930 | D:4      | Killed Natasha
  3232 | D:4      | Found an ornate altar of the Wu Jian Council.
  3252 | D:4      | Reached XP level 7. HP: 64/64 MP: 6/6
  3507 | D:5      | Entered Level 5 of the Dungeon
  3542 | D:5      | Found a sacrificial altar of Ru.
  3564 | D:5      | Reached skill level 7 in Fighting
  3605 | D:5      | Reached skill level 5 in Armour
  4045 | D:5      | Found a white marble altar of Elyvilon.
  4107 | D:5      | Reached skill level 8 in Fighting
  4107 | D:5      | Reached skill level 5 in Dodging
  4107 | D:5      | Reached XP level 8. HP: 74/74 MP: 7/7
  4392 | D:6      | Found a staircase to the Ecumenical Temple.
  5170 | D:6      | Found a broken altar of Ashenzari.
  5170 | D:6      | Found a blossoming altar of Fedhas.
  5229 | D:6      | Reached skill level 9 in Fighting
  5960 | D:7      | Identified the +7 sling of the Ageless Continents {drain,
                  | +Blink rElec Will+}
  6028 | D:7      | Found a snail-covered altar of Cheibriados.
  6062 | D:7      | Reached XP level 9. HP: 85/85 MP: 8/8
  6740 | D:8      | Noticed Jeremiah
  6746 | D:8      | Noticed Psyche
  6767 | D:8      | Killed Psyche
  6768 | D:8      | Reached skill level 10 in Fighting
  6827 | D:8      | Killed Jeremiah
  7104 | D:8      | Noticed Maurice
  7124 | D:8      | Maurice stole the +7 sling of the Ageless Continents
                  | {drain, +Blink rElec Will+}
  7125 | D:8      | Killed Maurice
  7126 | D:8      | Reached skill level 11 in Fighting
  7500 | D:8      | Found a staircase to the Lair.
  7866 | Lair:1   | Entered Level 1 of the Lair of Beasts
  7914 | Lair:1   | Noticed a cane toad
  7933 | Lair:1   | Killed a cane toad
  7934 | Lair:1   | Reached XP level 10. HP: 96/96 MP: 9/9
  8281 | Lair:1   | Noticed a cane toad
  8291 | Lair:1   | Killed a cane toad
  8294 | Lair:1   | Reached skill level 12 in Fighting
  8301 | Lair:1   | Mangled by a komodo dragon

Illustrated notes

Levels and vault maps discovered:
D:1:      onia_arrival_zoo_common, layout_basic
D:2:      layout_loops_cross, shapermc_ecumenical_altar_venn, serial_shops,
          nicolae_shop_back_alley_shop
D:3:      layout_basic, lemuel_zombie_altar_yredelemnul, general_overflow_altar,
          overflow_temple_1_default, ebering_ghost_rock_garden
D:4:      layout_basic, marbit_many_paths, serial_shops,
          nicolae_shop_competitors_out_of_business, st_stairs_1,
          corexii_checkpoint, uniq_natasha, uniq_robin
D:5:      nicolae_cairo_tiling_large_dashed, layout_loops_cross,
          nicolae_ru_awakened_eye, elyvilon_altar_1
D:6:      kennysheep_spiral_hall, layout_layer_cave,
          gammafunk_temple_overflow_wave, minmay_temple_entry_mini_moons,
          corexii_hall_statues_x, minmay_hedge_maze, kennysheep_generic_room_16
D:7:      layout_gridville, mainiacjoe_overflow_alcove_4
D:8:      layout_loops_ring, dpeg_oklobed_lair, uniq_maurice, uniq_psyche,
          uniq_jeremiah
Lair:1:   layout_roguey, serial_bayou_ford_a, serial_bayou_shore_a

Skill      XL: |  1  2  3  4  5  6  7  8  9 10 |
---------------+-------------------------------+-----
Fighting       | 4 5 6 8 9 11 12 | 12.2
Axes           | 4 5 6 7 8 9 |  9.1
Armour         | 3 4 5 6 8 |  8.7
Dodging        | 3 4 5 6 7 |  7.9

Action                     |  1- 3 |  4- 6 |  7- 9 | 10-12 || total
---------------------------+-------+-------+-------+-------++-------
  Melee: Hand axe          |    97 |   156 |   166 |       ||   419
         Headbutt          |    12 |    26 |    63 |    12 ||   113
         War axe           |       |       |   149 |    22 ||   171
         Dagger            |       |       |     2 |       ||     2
   Fire: Sling             |       |       |     1 |     2 ||     3
  Throw: Stone             |       |       |     8 |       ||     8
         Boomerang         |       |       |     8 |       ||     8
 Invoke: Berserk           |       |     1 |     5 |       ||     6
         Trog's Hand       |       |     1 |     3 |       ||     4
    Use: Scroll            |       |       |    17 |       ||    17
         Potion            |       |       |     3 |       ||     3
   Stab: Distracted        |       |       |     1 |       ||     1
 Armour: Ring mail         |    63 |   107 |    70 |       ||   240
         Chain mail        |       |       |   153 |    19 ||   172
  Dodge: Dodged            |    71 |   107 |   174 |    11 ||   363

Table legend: (Time is in decaauts)
 A = Elapsed time spent in this place.
 B = Non-inter-level travel time spent in this place.
 C = Inter-level travel time spent in this place.
 D = Time resting spent in this place.
 E = Time spent auto-exploring this place.
 F = Levels seen in this place.
 G = Mean time per level.
                   A        B        C        D        E       F      G
               +--------+--------+--------+--------+--------+-----+--------+
         Total |   8361 |   8112 |    249 |    319 |   6147 |   9 |  929.0 |
       Dungeon |   7916 |   7667 |    249 |    135 |   6044 |   8 |  989.5 |
          Lair |    444 |    444 |      0 |    184 |    102 |   1 |  444.0 |
               +--------+--------+--------+--------+--------+-----+--------+

Top non-repeatable levels by time:
     D:6: 1413 daAuts
     D:8: 1149 daAuts
     D:3: 1108 daAuts
     D:4: 1013 daAuts
     D:7: 930 daAuts
     D:5: 889 daAuts
     D:2: 782 daAuts
     D:1: 630 daAuts
  Lair:1: 444 daAuts
